Cogmind - Beta 9.4 @@@ ROGUE MODE // 2020.01.29 @ 04:41:34 // Winter2019/RPGLIKE Player: Rumbl3 Result: Destroyed by D-53 Grenadier with Mini Grenade Launcher Performance ------------- Evolutions (0) 0 Regions Visited (4) 800 Robots Destroyed (26) 130 Value Destroyed (223) 223 Prototype IDs (24) 480 Alien Tech Used (0) 0 Bonus (-638) -638 TOTAL SCORE: 995 Bonus ------- Aligned with FarCom 300 Friendly Fire -938 Cogmind --------- Core Integrity 0/1150 Matter 151/300 Energy 310/310 System Corruption 4% Temperature Cool (77) Movement Hovering (56) Location -9/Mines Parts ------- > --- POWER (1) -------- Reinforced Fission Core > --- PROPULSION (2) --- Hover Unit Makeshift Hover Unit > --- UTILITY (2) ------ Sensor Array Improved Terrain Scanner > --- WEAPON (2) ------- 8R-AWN's Boregun Rocket Launcher > --- INVENTORY (2) ---- EM Pulse Gun Longsword +1 Peak State ------------ > --- POWER ------------ Reinforced Fission Core > --- PROPULSION ------- Advanced Myomer Leg Makeshift Hover Unit > --- UTILITY ---------- Improved Terrain Scanner EX Chip 1 > --- WEAPON ----------- 8R-AWN's Boregun Longsword +1 > --- INVENTORY -------- Sensor Array EM Pulse Gun [Rating: 41] Favorites ----------- Power Light Nuclear Core Engine Ion Engine Power Core Light Nuclear Core Propulsion Hover Unit Leg Advanced Myomer Leg Wheel Wheel Hover Unit Hover Unit Utility Improved Terrain Scanner Device Improved Terrain Scanner Storage Superbattery Processor Targeting Computer Hackware EX Chip 1 Weapon EM Pulse Gun Energy Gun EM Pulse Gun Ballistic Gun Assault Rifle Launcher Grenade Launcher Slashing Weapon Longsword +1 Build | -11 -10 -10 -10 -9 ------- Run | Scr Mat Min Exi Min Slots Evolved 3 | 3 . . . . Power . | . . . . . Propulsion 1 | 1 . . . . Utility 1 | 1 . . . . Weapon 1 | 1 . . . . Parts Attached 30 | 7 4 4 13 2 Power 3 | 1 . 1 1 . Engine 1 | 1 . . . . Core 2 | . . 1 1 . Reactor . | . . . . . Propulsion 9 | 2 2 1 4 . Treads . | . . . . . Leg 1 | . . . 1 . Wheel 2 | 2 . . . . Hover 6 | . 2 1 3 . Flight . | . . . . . Utility 9 | 3 1 . 4 1 Device 4 | 2 . . 1 1 Storage 1 | . . . 1 . Processor 2 | 1 1 . . . Hackware 2 | . . . 2 . Protection . | . . . . . Artifact . | . . . . . Weapon 9 | 1 1 2 4 1 Energy Gun 2 | 1 . 1 . . Energy Cannon . | . . . . . Ballistic Gun 2 | . . 1 1 . Ballistic Cannon . | . . . . . Launcher 4 | . 1 . 2 1 Special Weapon . | . . . . . Impact Weapon . | . . . . . Slashing Weapon 1 | . . . 1 . Piercing Weapon . | . . . . . Special Melee Weapon . | . . . . . Unidentified Prototypes 2 | . . . 2 . Parts Lost 1 | . . . 1 . Power . | . . . . . Propulsion . | . . . . . Utility . | . . . . . Weapon 1 | . . . 1 . Highest Loss Streak 1 | . . . 1 . Average Slot Usage (%) 99 | . 100 100 99 100 Engine 3 | . 14 3 . . Core 10 | . . 10 14 14 Wheel 2 | . 11 . . . Hover 25 | . 16 28 27 28 Device 14 | . 14 14 14 26 Processor 9 | . 14 14 8 . Hackware 3 | . . . 5 1 Energy Gun 9 | . 14 14 8 . Ballistic Gun 8 | . 9 14 6 14 Launcher 4 | . 4 . 5 3 Slashing Weapon 4 | . . . 5 10 Naked Turns . | . . . . . Heaviest Build 33 | 10 11 10 31 33 Greatest Support 35 | 31 31 17 35 33 Greatest Overweight (x) 2 | . . . 2 1 Average Overweight (x) . | . . . . . Largest Inventory Capacity 2 | 2 2 2 2 2 Average Capacity 2 | 2 2 2 2 2 Most Carried 2 | 2 2 2 2 2 Average Carried 1 | 1 2 2 1 1 Final Capacity 2 | 2 2 2 2 2 Final Carried 2 | 2 2 2 2 2 Class Distribution -------------------- 68% | Mutant 25% | Scavenger-Mutant 5% | Scavenger-Scout Dominant Class ---------------- Mutant | -10/Materials Mutant | -10/Mines Mutant | -10/Exiles Scavenger-Scout | -9/Mines Resources | -11 -10 -10 -10 -9 ----------- Run | Scr Mat Min Exi Min Matter Collected 640 | 315 33 158 26 108 Remotely . | . . . . . Salvage Created 509 | 198 105 140 65 1 Parts 47 | 8 20 7 12 . Haulers Intercepted 1 | . 1 . . . Recyclers Shooed . | . . . . . Parts Field Recycled . | . . . . . Retrieved Matter . | . . . . . Parts Self-Destructed . | . . . . . Prevented . | . . . . . Kills | -11 -10 -10 -10 -9 ------- Run | Scr Mat Min Exi Min Combat Hostiles Destroyed 15 | . 3 2 8 2 Melee 2 | . . . 2 . Guns 3 | . . 2 . 1 AOE 10 | . 3 . 6 1 Classes Destroyed 7 | 2 3 1 1 . Tunneler 5 | 4 1 . . . Hauler 1 | . 1 . . . Recycler 1 | 1 . . . . Operator 3 | . 3 . . . Swarmer 3 | . 3 . . . Grunt 2 | . . 2 . . Assembled 9 | . . . 7 2 Best Kill Streak 7 | 4 4 2 7 2 Combat Bots Only 7 | . 3 2 7 2 Max Kills in Single Turn 4 | 1 3 1 4 1 Gunslinging . | . . . . . Exploded 4 | . 3 . 4 1 Melee 1 | . . . 1 . Uniques/NPCs Destroyed 2 | . . . 2 . EX-BIN (-10/Exiles) 8R-AWN (-10/Exiles) Combat | -11 -10 -10 -10 -9 -------- Run | Scr Mat Min Exi Min Damage Taken 1696 | . 157 116 1085 338 Core 1442 | . 135 93 933 281 Absorbed by Shields . | . . . . . Redirected to Core 848 | . 70 76 487 215 Core Remaining (%) 100 | 100 . . . . Volleys Fired 99 | 15 15 6 55 8 Largest 2 | 2 2 2 1 1 Hottest 70 | 60 70 60 40 33 Shots Fired 131 | 30 26 12 55 8 Gun 119 | 30 20 12 50 7 Cannon . | . . . . . Launcher 12 | . 6 . 5 1 Special . | . . . . . Kinetic 38 | 15 9 6 1 7 Thermal . | . . . . . Explosive 12 | . 6 . 5 1 Electromagnetic 81 | 15 11 6 49 . Robot Hit Streak 8 | 7 6 4 6 8 Robot Miss Streak 3 | 2 3 1 . 3 Penetration Max . | . . . . . Secondary Targets 1 | . . 1 . . Max Gunslinging Chain 1 | . . 1 . . Shots Hit Robots 75 | 20 11 9 32 3 Core Hits 38 | 6 8 4 17 3 Critical Hits 2 | . . . . 2 Critical Kills 1 | . . . . 1 Critical Parts Destroyed 1 | . . . . 1 Melee Attacks 30 | . . . 30 . Impact . | . . . . . Slashing 30 | . . . 30 . Piercing . | . . . . . Sneak Attacks 1 | . . . 1 . Combat Hostiles . | . . . . . Follow-up Attacks . | . . . . . Damage Inflicted 2670 | 289 337 139 1792 113 Guns 543 | 232 106 139 . 66 Cannons . | . . . . . Explosions 672 | 57 231 . 337 47 Melee 1455 | . . . 1455 . Ramming . | . . . . . Kinetic 257 | 113 23 55 . 66 Thermal 145 | 57 88 . . . Explosive 527 | . 143 . 337 47 Electromagnetic 286 | 119 83 84 . . Impact . | . . . . . Slashing 1455 | . . . 1455 . Piercing . | . . . . . Highest Corruption 4 | . 4 4 4 4 Average Corruption 4 | . 4 4 4 4 Corruption Purged . | . . . . . Effects 26 | . 3 3 18 2 Message Errors 5 | . . . 3 2 Matter Fused 5 | . . 1 4 . Heat Flow Errors 4 | . . 2 2 . Energy Discharges 4 | . . . 4 . Data Loss (minor) 5 | . 1 . 4 . Targeting Errors 3 | . 2 . 1 . Overload Shots . | . . . . . Overflow Damage 9 | . . . 9 . Projectiles . | . . . . . Explosions 9 | . . . 9 . Melee . | . . . . . Knockbacks . | . . . . . Impact . | . . . . . Kinetic . | . . . . . Secondary . | . . . . . Self-Inflicted Damage 91 | . 16 . 75 . Shots 4 | . 1 . 3 . Rammed . | . . . . . Targets Rammed . | . . . . . Kicked . | . . . . . Crushed . | . . . . . Highest Temperature 300 | . 17 157 300 77 Average Temperature 73 | . 4 59 96 36 Received Heat Transfer 164 | . 66 66 20 12 Effects 3 | . . . 3 . Interference 3 | . . . 3 . Siege Activations . | . . . . . Robots Corrupted . | . . . . . Combat Hostiles . | . . . . . Parts Fried . | . . . . . Impact Corruptions . | . . . . . Robots Melted . | . . . . . Combat Hostiles . | . . . . . Parts Melted . | . . . . . Heat Transferred 200 | 100 100 . . . Parts Sabotaged . | . . . . . Parts Stolen . | . . . . . Parts Stripped . | . . . . . Power Chain Reactions 4 | 2 2 . . . Missiles Intercepted . | . . . . . Alert | -11 -10 -10 -10 -9 ------- Run | Scr Mat Min Exi Min Peak Influence 188 | 25 188 123 . . Average Influence 63 | 12 72 115 . . Maximum Alert Level . | . . . . . Low Security (%) 100 | 100 100 100 . 100 Level 1 . | . . . . . Level 2 . | . . . . . Level 3 . | . . . . . Level 4 . | . . . . . Level 5 . | . . . . . High Security . | . . . . . Max Security . | . . . . . Squads Dispatched 2 | . 2 . . . Investigation 1 | . 1 . . . Extermination . | . . . . . Reinforcement 1 | . 1 . . . Assault . | . . . . . Garrison . | . . . . . Intercept . | . . . . . Construction Impeded . | . . . . . Haulers Reinforced . | . . . . . Stealth | -11 -10 -10 -10 -9 --------- Run | Scr Mat Min Exi Min Distress Signals . | . . . . . Communications Jammed . | . . . . . Distress Signals . | . . . . . Times Spotted 27 | . 12 2 8 5 Peak Tracking Total 9 | . 4 2 9 6 Tactical Retreats 2 | . . . 2 . Traps | -11 -10 -10 -10 -9 ------- Run | Scr Mat Min Exi Min Traps Triggered 2 | . 2 . . . Indirectly . | . . . . . Trap Hack Attempts . | . . . . . Triggered . | . . . . . Disarmed . | . . . . . Reprogrammed . | . . . . . Reused . | . . . . . Traps Extracted . | . . . . . Installed . | . . . . . Triggered . | . . . . . Machines | -11 -10 -10 -10 -9 ---------- Run | Scr Mat Min Exi Min Machines Disabled 7 | . 5 . 2 . Max in Single Turn 3 | . 3 . 1 . Machines Sabotaged . | . . . . . Garrisons Compromised . | . . . . . Overloaded Fab Kills . | . . . . . Fab Network Shutdowns . | . . . . . Hacking | -11 -10 -10 -10 -9 --------- Run | Scr Mat Min Exi Min Machines Accessed 6 | . 4 . 2 . Terminals 4 | . 4 . . . Fabricators . | . . . . . Repair Stations . | . . . . . Recycling Units . | . . . . . Scanalyzers . | . . . . . Garrison Access . | . . . . . Total Hacks 13 | . 10 . 3 . Successful 5 | . 2 . 3 . Failed 8 | . 8 . . . Catastrophic . | . . . . . Database Lockouts . | . . . . . Manual 14 | . 6 . 8 . Terminals 10 | . 10 . . . Fabricators . | . . . . . Repair Stations . | . . . . . Recycling Units . | . . . . . Scanalyzers . | . . . . . Garrison Access . | . . . . . Terminal Hacks 4 | . 1 . 3 . Record 2 | . . . 2 . Branch Access Points 1 | . 1 . . . EX-Prototype ID Bank 1 | . . . 1 . Fabricator Hacks . | . . . . . Repair Station Hacks . | . . . . . Recycling Unit Hacks . | . . . . . Scanalyzer . | . . . . . Garrison Access Hacks . | . . . . . Unauthorized Hacks 2 | . 2 . . . Terminals 1 | . 1 . . . Botnet 1 | . 1 . . . Fabricators . | . . . . . Repair Stations . | . . . . . Recycling Units . | . . . . . Scanalyzers . | . . . . . Garrison Access . | . . . . . Data Cores Recovered 2 | . 2 . . . Used 2 | . 2 . . . Hacking Detections 4 | . 4 . . . Full Trace Events 2 | . 2 . . . Feedback Events . | . . . . . Feedback Blocked . | . . . . . Robot Schematics Acquired . | . . . . . Robots Built . | . . . . . Matter . | . . . . . Time . | . . . . . Total Robot Build Rating . | . . . . . Part Schematics Acquired . | . . . . . Parts Built . | . . . . . Matter . | . . . . . Time . | . . . . . Total Part Build Rating . | . . . . . Parts Repaired . | . . . . . Time . | . . . . . Parts Recycled . | . . . . . Recycled Matter . | . . . . . Retrieved Matter . | . . . . . Retrieved Components . | . . . . . Parts Scanalyzed . | . . . . . Part Schematics Acquired . | . . . . . Parts Damaged . | . . . . . Bothacking | -11 -10 -10 -10 -9 ------------ Run | Scr Mat Min Exi Min Used RIF Installer . | . . . . . Robots Hacked . | . . . . . Non-combat . | . . . . . Combat . | . . . . . Robot Hacks Applied . | . . . . . Relay Couplers Released . | . . . . . Robots Rewired . | . . . . . Allies Hacked . | . . . . . Hacks Repelled . | . . . . . Allies | -11 -10 -10 -10 -9 -------- Run | Scr Mat Min Exi Min Total Allies . | . . . . . Largest Group . | . . . . . Highest-Rated Group . | . . . . . Highest-Rated Ally . | . . . . . Total Orders . | . . . . . Ally Attacks . | . . . . . Total Damage . | . . . . . Kills . | . . . . . Allies Corrupted . | . . . . . Allies Melted . | . . . . . Intel | -11 -10 -10 -10 -9 ------- Run | Scr Mat Min Exi Min Robot Analysis Total . | . . . . . Derelict Logs Recovered . | . . . . . Drone Launches . | . . . . . Drone Recoveries . | . . . . . Exploration | -11 -10 -10 -10 -9 ------------- Run | Scr Mat Min Exi Min Turns Passed 1265 | 98 229 151 705 82 Spaces Moved 1300 | 42 278 216 659 105 Core . | . . . . . Treads . | . . . . . Legs 7 | 1 . . 6 . Wheels 66 | 41 25 . . . Hover 1227 | . 253 216 653 105 Flight . | . . . . . Fastest Speed 56 | 90 56 56 56 56 Average Speed 64 | 91 63 56 67 56 Slowest Speed 180 | 120 90 56 180 121 Overloaded Moves . | . . . . . Propulsion Burnouts . | . . . . . Robots Hopped . | . . . . . Cave-ins Triggered . | . . . . . Exploration Rate (%) 36 | 4 68 20 69 20 Regions Visited 4 Branch Regions 3 Pre-discovered Areas 1 | . . . 1 . Known Exits Taken 1 | . 1 . . . Unknown Exits Taken 3 | 1 . 1 1 . Scrap Searched 1 | . . 1 . . Spaces Dug 22 | . 19 . 3 . Terrain Destroyed 85 | 5 49 . 11 20 Melee . | . . . . . Projectile 5 | . . . . 5 AOE 80 | 5 49 . 11 15 Actions | -11 -10 -10 -10 -9 --------- Run | Scr Mat Min Exi Min Total 1561 | 70 302 233 836 120 Wait 64 | . . 4 57 3 Move 1296 | 41 277 215 658 105 Hop . | . . . . . Pick Up 5 | 2 1 1 . 1 Fast Attach 19 | 6 3 1 9 . Attach 1 | . . . . 1 Detach 7 | 2 1 . 3 1 Swap 10 | 1 1 3 4 1 Drop 17 | 3 3 3 8 . Fire 99 | 15 15 6 55 8 Melee 30 | . . . 30 . Ram . | . . . . . Kick . | . . . . . Crush . | . . . . . Escape Stasis . | . . . . . Rewire . | . . . . . Trap . | . . . . . Miscellaneous 13 | . 1 . 12 . Route ------- -11/Scrapyard -10/Materials (discovered 4 exits: [*Mat x3] / *Min) -10/Mines -10/Exiles -9/Mines History --------- Turn | Location | Event 1 | -11/Scrapyard | Upgraded with Propulsion slot (x1) 1 | -11/Scrapyard | Upgraded with Utility slot (x1) 1 | -11/Scrapyard | Upgraded with Weapon slot (x1) 1 | -11/Scrapyard | Discovered new exit (range 1) 99 | -11/Scrapyard | Entered Materials 140 | -10/Materials | Discovered new exit (range 16) 199 | -10/Materials | Discovered new exit (range 13) 292 | -10/Materials | Discovered new exit (range 8) 293 | -10/Materials | Identified exit to Mines 310 | -10/Materials | Build established: Mutant 328 | -10/Materials | Entered Mines 405 | -10/Mines | Deemed a non-threat by the Exiles lab entrance 405 | -10/Mines | Discovered new exit (range 5) 479 | -10/Mines | Entered Exiles 488 | -10/Exiles | Discovered new exit (range 14) 495 | -10/Exiles | Met 8R-AWN 503 | -10/Exiles | Met EX-HEX 522 | -10/Exiles | Met EX-BIN 536 | -10/Exiles | Met EX-DEC 538 | -10/Exiles | Learned location of Zion (-7) 763 | -10/Exiles | Visited The Gauntlet 857 | -10/Exiles | Reached level 2 857 | -10/Exiles | Aligned with FarCom system 858 | -10/Exiles | Given EX-Vault access code 871 | -10/Exiles | Opened EX-Vault 877 | -10/Exiles | Found Superbattery 884 | -10/Exiles | Found Longsword +1 898 | -10/Exiles | Warned to stay clear of 0b10 Research branches 911 | -10/Exiles | Destroyed EX-BIN 912 | -10/Exiles | Attacked by the Exiles 930 | -10/Exiles | Core integrity fell below 50% 956 | -10/Exiles | Destroyed 7 combat bots 971 | -10/Exiles | Core integrity fell below 20% 1019 | -10/Exiles | Destroyed 8R-AWN 1036 | -10/Exiles | Found Prototype Ballistic Gun 1036 | -10/Exiles | Identified 8R-AWN's Boregun 1184 | -10/Exiles | Left Exiles lab with Longsword +1 1184 | -10/Exiles | Entered Mines 1191 | -9/Mines | Received a Rocket Launcher from a helpful Derelict 1205 | -9/Mines | Assembled infested the area 1210 | -9/Mines | Assisted by a Guerilla fighting off Assembled 1266 | -9/Mines | Destroyed by D-53 Grenadier with Mini Grenade Launcher Last Messages --------------- 01252_ Acquired 8 matter. 01253_ HV Slug penetrates D-53 Grenadier. 01253_ D-53 Grenadier suffers critical hit. 01253_ Destroyed Shock Absorption System. 01255_ as-25349 destroyed. 01257_ as-22099 destroyed. 01257_ HV Slug penetrates Wall. 01257_ Plasma Injector explodes. 01259_ LUZ 01263_ HV Slug penetrates Wall. 01263_ HV Slug penetrates Earth. 01264_ The unstable cave ceiling collapses. 01265_ HV Slug penetrates Earth. Map ----- +----------------------------------------------------+ | ??????#??#???# #?#?##???? ?"?? ????????#?????????? | | ??????#??????# #??#?#?#??????????? ?? ???????????? | | ????#????????# ##???#?##?#####??????#??#?????????? | | ?????#?#?##?## ###?###??###??##?#???????? ?#?????? | | ???#????##???# #?#???#?#####?#??##???#???????????? | | ????#?####?#?# ####?#?## ##?#?##???????????????? | | ???#???????### #?#?# ###???##?###???##????? | | ???????#????##### #???# ####?###????#?#?????? | | #???????????????# ###?# ######???##????????? | | ????#?##??#?#?#?# ##?### #######??#????????? | | ?###??#??#??###?# ######### ###??#???##???? | | ??#?#???####???## ### #??#???#?????? | | ????????#?#?##??######## #### ###?#????????? | | ???????##?###?###???#### ##### ##?#??????????? | | ?????????#?#???##?#?#### ###### #####?##?#??#????? | | ???????#?###?##???#???# #??# ####?????????????? | | ???????##???#####?##?## #### ##???#???????????? | | ???? ?? ##???##???##?# #?###????????????? | | ???? ????##?#???##?### #########?#?#?#???????? | | ?????????#??#????###?# ###?##???##?#??????????? | | ??????????####????##?### ######?##?###???????????? | | ???????#????##??#?#### ###?#??####?#????????? | | ?????????????????#??#; #??##?#??#??????????? | | ?????????? ?? ##???# ##?##??#????????????? | | ????????????#???##??# #?#??##?#??????????? | | ?????????###?? ###?## @ #???#??##???????????? | | ?????????????? # # #?##???#?#?????????? | | ???????????#?#!%= #?##?????#?????????? | | ??????????#?## = # ##?# ??###??????????? | | ?????????????### ##??????????#????????? | | ???????????????# #d# ##???????? ???????????? | | ???????????#?#?## % d ## ????? ??????????? | | ???????????????# ##?????????? ?????????? | | ?????????????? ????#???? ???????????? | | ?????????????# # #?????#??? ???????????? | | ?????????????###; # # ??##???????????????? | | ???????????????# # % = ??#?#?#?????????????? | | ????????????????### " #?????????????????????? | | ??????????????????## # ???????#??????????????? | | ????????????????????? ?#??#?????????????????? | | ???????????????????????# ?#????????????????????? | | ?????????????????????????????????????????????????? | | ?????????????????????????????????????????????????? | | ?????????????????????????????????????????????????? | | ?????????????????????????????????????????????????? | | ?????????????????????????????????????????????????? | | ?????????????????????????????????????????????????? | | ?????????????????????????????????????????????????? | | ?????????????????????????????????????????????????? | | ?????????????????????????????????????????????????? | +----------------------------------------------------+ Best States ------------- Heat Dissipation 25 Energy Generation 19 Energy Capacity 310 Matter Stores 300 Matter Capacity 300 Sight Range 16 Robot Scan Range 12 Terrain Scan Range 16 Terrain Scan Density 160 Resistance: KI 5 Evasion (%) 53 Targeting Accuracy 5 Offensive Hacking 7 Item Schematics ----------------- None Robot Schematics ------------------ None Fabricated ------------ Nothing Alien Tech Used ----------------- None Achievements -------------- None Challenges ------------ None RPGLIKE | -11 -10 -10 -10 -9 --------- Run | Scr Mat Min Exi Min Levels Raised 1 | . . . 1 . XP Earned 5135 | 3000 535 750 350 500 XP Spent 4425 | 3000 . . 480 945 Upgrades 22 | 10 . . 8 4 Propulsion Slot 1 | 1 . . . . Utility Slot 1 | 1 . . . . Weapon Slot 1 | 1 . . . . Core Integrity 11 | . . . 8 3 Mass Support 2 | 1 . . . 1 Inventory Capacity 2 | 2 . . . . Sensor Range 1 | 1 . . . . Terrain Scan Density 1 | 1 . . . . Ranged Accuracy 1 | 1 . . . . KI Resistance % 1 | 1 . . . . Protomatter Created 108 | . 7 . 101 . Integrity Restored 291 | . 3 . 288 . Core 291 | . 3 . 288 . Protomatter Decayed . | . . . . . Game ------ Seed BiomechanicalHeavySink Manual? 0 Play Time 00:28:44 Cumulative 409.7 hours Start 2020.01.29 @ 04:13:52 End 2020.01.29 @ 04:41:34 Sessions 1 Manual Loads 0 Difficulty Rogue Special Mode Winter2019/RPGLIKE Game No. 156 Rogue 156 Adventurer 0 Explorer 0 Win Type - Total 13 Types 9/1/1/2/0/0/0 Lore% 92 Gallery% 87 Achievement% 71 Wizard Run 0 Options --------- ASCII 0 Keyboard 0 Movement Numpad Keybinds 0 Fullscreen 0 Font 14/Dina Map View 76x50 Tactical HUD 1 Map Filters NONE Filters NONE Steam 1 RUN: 5e36df3e-babc-47a1-a1a1-02103962ed56